 Dungeon Crawl Stone Soup version 0.31.0-12-g77e489cdc1 (webtiles) character file.

Game seed: 2070849962851122447

429 Curundu the Chopper (level 6, -15/56 HPs)
             Began as a Minotaur Berserker on Mar 7, 2024.
             Was a Priest of Trog.
             Demolished by an ogre
             ... wielding a +0 giant spiked club
              (24 damage)
             ... on level 4 of the Dungeon.
             The game lasted 00:08:18 (3185 turns).

Curundu the Chopper (Minotaur Berserker)            Turns: 3185, Time: 00:08:19

Health: -15/56     AC:  2    Str: 23    XL:     6   Next: 66%
Magic:  5/5        EV: 13    Int:  4    God:    Trog [***...]
Gold:   124        SH:  0    Dex: 10    Spells: 5/5 levels left

rFire   . . .        s - +1 hand axe (heavy)
rCold   . . .        (no shield)
rNeg    . . .        b - +0 animal skin
rPois   .            (helmet restricted)
rElec   .            (no cloak)
rCorr   .            (no gloves)
SInv    +            (no boots)
Will    .....        j - amulet of the acrobat
Stlth   +            h - ring of see invisible
HPRegen 0.29/turn    (no ring)
MPRegen 0.09/turn

%: acrobat
@: no status effects
A: horns 2, retaliatory headbutt
a: Renounce Religion, Berserk, Trog's Hand


You were on level 4 of the Dungeon.
You worshipped Trog.
Trog was most pleased with you.
You visited 1 branch of the dungeon, and saw 4 of its levels.

You collected 124 gold pieces.

Inventory:

Hand Weapons
 s - a +1 heavy hand axe (weapon)
 t - a +0 war axe
Armour
 b - a +0 animal skin (worn)
Jewellery
 h - a ring of see invisible (left hand)
 j - an amulet of the acrobat (around neck)
 q - a ring of flight
Scrolls
 a - a scroll of blinking {unknown}
 d - a scroll of summoning {unknown}
 f - 3 scrolls of enchant armour {unknown}
 k - 2 scrolls of vulnerability {unknown}
 n - a scroll of amnesia {unknown}
 o - a scroll of torment {unknown}
 r - a scroll of identify {unknown}
 u - a scroll of noise {unknown}
Potions
 c - a potion of mutation {unknown}
 e - 2 potions of resistance {unknown}
 g - a potion of might {unknown}
 i - 3 potions of haste {unknown}
 l - a potion of cancellation {unknown}
 m - 3 potions of curing {unknown}
 p - a potion of attraction {unknown}


   Skills:
 + Level 5.2 Fighting
 + Level 6.9 Axes
 + Level 2.7 Armour
 + Level 4.1 Dodging
 + Level 1.1 Stealth


You had 5 spell levels left.
You didn't know any spells.
Your spell library was empty.

Dungeon Overview and Level Annotations

Branches:
Dungeon (4/15)             Temple (0/1) D:4

Altars:
Elyvilon
Hepliaklqana
Yredelemnul
Zin

Shops:
D:1 :


Innate Abilities, Weirdness & Mutations

You have a pair of horns on your head.
You reflexively headbutt those who attack you in melee.


Message History

An ogre comes into view. It is wielding a +0 giant spiked club.
You slash the endoplasm!
You kill the endoplasm!
Trog accepts your kill.
You hit the quokka.
The quokka is moderately wounded.
The quokka bites you.
A ball python comes into view.
The quokka bites you but does no damage.
You miss the quokka.
The ball python hisses angrily.
Your headbutt misses the quokka.
The quokka is moderately wounded.
The quokka completely misses you. x2
You closely miss the quokka.
The quokka is moderately wounded.
The quokka barely misses you.
You slash the quokka!
You kill the quokka!
Trog accepts your kill.
You hit the ogre.
The ball python bites you but does no damage.
The ball python closely misses you. The ogre barely misses you.
You hit the ogre but do no damage.
The ogre is lightly wounded.
You slash the ball python!
You kill the ball python!
Trog accepts your kill.
The ogre hits you with a +0 giant spiked club!!
You hit the ogre. You headbutt the ogre.
The ogre is moderately wounded.
The ogre barely misses you.
You hit the ogre. You headbutt the ogre.
The ogre is severely wounded.
The ogre hits you with a +0 giant spiked club!!
* * * LOW HITPOINT WARNING * * *
You barely miss the ogre. Your headbutt misses the ogre.
The ogre is severely wounded.
The ogre hits you with a +0 giant spiked club!!
You die...

....# # .. ...# # #. ##
#..# # #. .####..# # .
##.#..[##..## #
###.##..#...##...########
..#'#...#....#...........
.......O#†...#.######....
#.......@## #.# ###..
#.........####.# ###
'#.......).....# #####.
#....)....####.#####.....
#........###.#).##...####
........#)...#.....## ##
..#'#...#....#.##...####.
# #.##..#...##.##...##...
. ##.#...##.##...##...


You could see an ogre.

Vanquished Creatures
  A black bear (D:3)
  A kobold brigand (D:4)
  A bombardier beetle (D:4)
  An iguana (D:4)
  A sleepcap (D:4)
  A gnoll (D:1)
  6 adders
  3 dart slugs
  7 ribbon worms
  7 orcs (D:3)
  8 endoplasms
  2 giant cockroaches
  7 goblins
  8 hobgoblins
  5 quokkas
  12 ball pythons
  A ball python zombie (D:3)
  7 bats
  2 frilled lizards (D:2)
  A giant cockroach zombie (D:3)
  A jackal zombie (D:3)
  8 kobolds
  8 rats
99 creatures vanquished.

Notes
Turn   | Place    | Note
-------+----------+-------------------------------------------
     0 | D:1      | Curundu the Minotaur Berserker began the quest for the Orb.
     0 | D:1      | Reached XP level 1. HP: 19/19 MP: 0/0
    84 | D:1      | Reached skill level 4 in Axes
    84 | D:1      | Reached XP level 2. HP: 16/27 MP: 1/1
   429 | D:1      | Found Itigguhu's Book Emporium.
   629 | D:2      | Reached XP level 3. HP: 20/33 MP: 2/2
   738 | D:2      | Reached ** piety under Trog
  1236 | D:2      | Reached XP level 4. HP: 33/41 MP: 3/3
  1843 | D:3      | Found a basalt altar of Yredelemnul.
  1855 | D:3      | Reached skill level 5 in Axes
  1883 | D:3      | Noticed a black bear
  1889 | D:3      | Killed a black bear
  1890 | D:3      | Reached XP level 5. HP: 40/47 MP: 4/4
  2135 | D:3      | Reached *** piety under Trog
  2424 | D:3      | Found a hazy altar of Hepliaklqana.
  2594 | D:3      | Found a glowing silver altar of Zin.
  2749 | D:4      | Found a white marble altar of Elyvilon.
  2759 | D:4      | Reached skill level 5 in Fighting
  2759 | D:4      | Reached skill level 6 in Axes
  2829 | D:4      | Reached XP level 6. HP: 56/56 MP: 5/5
  2883 | D:4      | Found a staircase to the Ecumenical Temple.
  2951 | D:4      | Reached skill level 1 in Stealth
  3185 | D:4      | Demolished by an ogre

Illustrated notes

Levels and vault maps discovered:
D:1:      minmay_arrival_four_circles, layout_rooms, serial_shops,
          nicolae_book_shop_shelving, nicolae_grassy_gnolls
D:2:      layout_basic, st_stairs_12
D:3:      minmay_evil_eye, layout_basic, lemuel_round_altar, zin_treasury,
          nicolae_yredelemnul_corpse_copse
D:4:      layout_rooms, elyvilon_altar_5, minmay_temple_entry_from_below_a,
          minmay_pentangle

Skill      XL: |  1  2  3  4  5  6 |
---------------+-------------------+-----
Fighting       | 4 5 |  5.2
Axes           | 4 5 6 |  6.9
Dodging        | 3 4 |  4.1
Stealth        | 1 |  1.1
Armour         | |  2.7

Action                     |  1- 3 |  4- 6 || total
---------------------------+-------+-------++-------
  Melee: Hand axe          |    81 |   129 ||   210
         Headbutt          |    12 |    19 ||    31
   Stab: Sleeping          |     1 |       ||     1
 Armour: Animal skin       |    48 |    57 ||   105
  Dodge: Dodged            |    72 |   107 ||   179
